 Dungeon Crawl Stone Soup version 0.31-a0-221-gbddc013574 (webtiles) character file.

Game seed: 14688965938577573148

203 qw the Shooter (level 5, 0/32 HPs)
             Began as a Gargoyle Hexslinger on July 3, 2023.
             Slain by Menkaure (8 damage)
             ... on level 4 of the Dungeon.
             The game lasted 00:01:04 (2568 turns).

qw the Shooter (Gargoyle Hexslinger)                Turns: 2568, Time: 00:01:04

Health: 0/32       AC:  9    Str: 12    XL:     5   Next: 81%
Magic:  6/6        EV: 10    Int: 13    God:
Gold:   215        SH:  0    Dex: 14    Spells: 5/6 levels left

rFire   . . .        Y - +2 sling (flame)
rCold   . . .        (no shield)
rNeg    + . .        j - +0 ring mail
rPois   inf          (no helmet)
rElec   +            (no cloak)
rCorr   .            (no gloves)
SInv    .            (no boots)
Will    .....        (no amulet)
Stlth   +            (no ring)
HPRegen 0.25/turn    (no ring)
MPRegen 0.10/turn

%: no passive effects
@: about to teleport
A: sickness immunity, AC +4, negative energy resistance 1, electricity
resistance, torment resistance 1, petrification resistance
a: no special abilities


You were on level 4 of the Dungeon.
You visited 1 branch of the dungeon, and saw 4 of its levels.

You collected 215 gold pieces.


Innate Abilities, Weirdness & Mutations

You are immune to sickness and miasma.
Your stone body is resilient. (AC +4)
You are immune to poison.
You resist negative energy. (rN+)
You are resistant to electric shocks. (rElec)
You are resistant to unholy torment.
You are immune to petrification.


   Skills:
 - Level 3.0 Fighting
 + Level 5.0 Ranged Weapons
 - Level 1.0 Armour
 - Level 1.5 Dodging
 - Level 1.0 Spellcasting
 - Level 2.6 Hexes


You had 5 spell levels left.
You knew the following spells:

 Your Spells              Type           Power      Damage    Failure   Level
a - Slow                  Hex            28%        N/A       22%         1

Your spell library contained the following spells:

 Spells                   Type           Power      Damage    Failure   Level
 Inner Flame              Hex/Fire       4%         N/A       73%         3
 Portal Projectile        Hex/Tloc       8%         N/A       73%         3
 Cause Fear               Hex            3%         N/A       91%         4

Inventory:

Hand Weapons
 Y - a +2 sling of flaming (weapon)
Armour
 g - the +0 robe "Agopin" {rF+}
   (You found it on level 4 of the Dungeon)

   rF:        It protects you from fire.
 j - a +0 ring mail (worn)
Jewellery
 b - an amulet of regeneration
Scrolls
 c - 2 scrolls of identify
 k - a scroll of vulnerability {unknown}
Potions
 a - a potion of curing
 d - a potion of ambrosia {unknown}
 e - a potion of brilliance {unknown}
 h - 2 potions of haste {unknown}
 i - a potion of mutation {unknown}

Dungeon Overview and Level Annotations

Branches:
Dungeon (4/15)
 Temple: D:4-7

Altars:
Trog
Uskayaw

Shops:
D:3 (

Annotations:
D:4 Menkaure


Message History

You shoot a sling bullet. The sling bullet hits the orc!
The sling bullet burns the orc.
You kill the orc!
The jackal closely misses you.
Menkaure shouts, "The sands of time shall wipe you from history!"
You shoot a sling bullet.
The sling bullet barely misses Menkaure.
The jackal bites you but does no damage.
The jackal closely misses you.
Menkaure mumbles some strange words.
Menkaure seems to speed up.
You shoot a sling bullet.
The sling bullet hits Menkaure but does no damage.
The jackal bites you but does no damage.
Menkaure hits you!
Ouch! That really hurt!
You shoot a sling bullet. The sling bullet hits Menkaure.
The sling bullet burns Menkaure.
Menkaure is lightly damaged.
The jackal barely misses you. Menkaure hits you but does no damage.
The jackal barely misses you.
You shoot a sling bullet. The sling bullet hits Menkaure.
The sling bullet burns Menkaure.
Menkaure is moderately damaged.
Menkaure hits you but does no damage. The jackal barely misses you.
Menkaure closely misses you.
The jackal bites you but does no damage.
You shoot a sling bullet. The sling bullet hits Menkaure!
The sling bullet burns Menkaure.
Menkaure is heavily damaged.
The jackal bites you.
Menkaure gestures at you while chanting.
Pain shoots through your body!
The jackal bites you but does no damage.
Menkaure hits you but does no damage.
2568 ||| READING scroll of teleportation.
As you read the scroll of teleportation, it crumbles to dust.
You feel strangely unstable. The jackal closely misses you. Menkaure hits you!
You die...

..# ... ..## #..#
..# .... #.##.#..
#..... #...# #
##.#.# #.###
##....###.#
.....##..##.@M%.#
.......)####h#......
........# #.....#.#
....###.## #.#.#.#
.. .## #..###.#...#
.... #).....# #..
...## ##..#...# ..#
....# #).####.... ..
#....#####..# ...


You could see Menkaure (fast) and a jackal.

Vanquished Creatures
  A jelly (D:3)
  A hound (D:3)
  3 gnolls (D:4)
  3 adders
  A worm (D:2)
  2 dart slugs (D:1)
  2 orcs (D:4)
  5 bats
  5 endoplasms
  7 giant cockroaches
  9 hobgoblins
  7 jackals
  4 quokkas (D:1)
  7 ball pythons
  6 frilled lizards
  3 goblins
  6 kobolds
  6 rats
78 creatures vanquished.

Notes
Turn   | Place    | Note
-------+----------+-------------------------------------------
     0 | D:1      | qw the Gargoyle Hexslinger began the quest for the Orb.
     0 | D:1      | Reached XP level 1. HP: 12/12 MP: 2/2
     0 | D:1      | 0 ||| qw: Version: 0.3-a-40-ge99b1a8
     0 | D:1      | 0 ||| qw: Game counter: 558
     0 | D:1      | 0 ||| qw: Melee chars always use a shield: true
     0 | D:1      | 0 ||| qw: God list: Okawaru
     0 | D:1      | 0 ||| qw: Allow faded altars: false
     0 | D:1      | 0 ||| qw: Do Orc after clearing Dungeon:15 true
     0 | D:1      | 0 ||| qw: Do second Lair branch before Depths: true
     0 | D:1      | 0 ||| qw: Lair rune preference: random
     0 | D:1      | 0 ||| qw: Goals: Normal
     0 | D:1      | 0 ||| PLANNING D:1-11
   150 | D:1      | Reached XP level 2. HP: 16/16 MP: 3/3
   223 | D:1      | Reached skill level 3 in Ranged Weapons
   283 | D:1      | Reached XP level 3. HP: 21/21 MP: 4/4
   665 | D:1      | 665 ||| UPGRADING to +0 leather armour.
   675 | D:1      | 675 ||| DROPPING +0 robe.
   676 | D:1      | 676 ||| UPGRADING to +0 ring mail.
   686 | D:1      | 686 ||| DROPPING +0 leather armour.
   687 | D:1      | 687 ||| READING scroll labelled ZOHASET FYFAIG.
   688 | D:1      | 688 ||| READING 2 scrolls labelled XOPLYO CAOMO.
   692 | D:1      | 692 ||| READING scroll labelled TOFFIMU ZOWN.
   693 | D:1      | 693 ||| READING scroll labelled HEK UCESONA.
   694 | D:1      | 694 ||| DROPPING scroll of poison.
   701 | D:2      | Found a hide-covered altar of Uskayaw.
  1263 | D:2      | Reached XP level 4. HP: 26/26 MP: 5/5
  1266 | D:2      | Reached skill level 4 in Ranged Weapons
  1685 | D:2      | 1685 ||| READING scroll labelled CENORO TUELUNA.
  1686 | D:2      | 1686 ||| READING scroll labelled YRGHUO ZERAJU.
  1687 | D:2      | 1687 ||| READING scroll labelled SAEBEAQEGE.
  1795 | D:3      | Reached skill level 1 in Armour
  1834 | D:3      | Found a bloodstained altar of Trog.
  2012 | D:3      | Reached XP level 5. HP: 30/30 MP: 6/6
  2050 | D:3      | Found Osausso's Weapon Shoppe.
  2152 | D:3      | 2152 ||| Stepping ~*~*~tactically~*~*~ (outnumbered).
  2303 | D:3      | 2303 ||| DROPPING amulet of magic regeneration.
  2304 | D:3      | 2304 ||| READING scroll labelled XURUEN VAAF.
  2305 | D:3      | 2305 ||| READING scroll labelled HEERELOFRA.
  2306 | D:3      | 2306 ||| DRINKING 2 white potions.
  2322 | D:4      | 2322 ||| STAIRDANCE
  2325 | D:3      | Reached skill level 5 in Ranged Weapons
  2452 | D:4      | Identified the +0 robe "Agopin" {rF+}
  2556 | D:4      | Noticed Menkaure
  2561 | D:4      | Reached skill level 3 in Fighting
  2567 | D:4      | HP: 8/32 [Menkaure/nerve-wracking pain (2)]
  2568 | D:4      | 2568 ||| READING scroll of teleportation.
  2568 | D:4      | Slain by Menkaure

Levels and vault maps discovered:
D:1:      minmay_arrival_hallway, layout_rooms, serial_forest,
          infiniplex_forest_lined_1, infiniplex_forest_end_1,
          infiniplex_forest_lined_2, infiniplex_forest_straight_5,
          infiniplex_forest_end_2, infiniplex_forest_end_1,
          chequers_serial_rivers_micro_a, minmay_unequal
D:2:      layout_loops_corners, serial_forest, infiniplex_forest_clump_C,
          infiniplex_forest_clump_curved, infiniplex_forest_clump_diagonal,
          infiniplex_forest_side_room, infiniplex_forest_end_2,
          infiniplex_forest_straight_3, infiniplex_forest_lined_1,
          infiniplex_forest_clump_medium, infiniplex_forest_clump_large,
          basic_altar, minmay_lizard_pond
D:3:      minmay_angry_zag, layout_loops_ring, mainiacjoe_overflow_24_doors,
          serial_shops, shop
D:4:      layout_layer_cave, nicolae_dithmenos_the_darkroom, serial_shops,
          nicolae_shop_peninsula, minmay_fractal_squares_5,
          uniq_crazy_yiuf_cottage, uniq_menkaure

Skill      XL: |  1  2  3  4  5 |
---------------+----------------+-----
Ranged Weapons | 3 4 5 |  5.0
Fighting       | 2 3 |  3.0
Armour         | 1 |  1.0
Dodging        | |  1.5
Spellcasting   | |  1.0
Hexes          | |  2.6

Action                     |  1- 3 |  4- 6 || total
---------------------------+-------+-------++-------
   Fire: Sling             |   128 |   123 ||   251
    Use: Scroll            |     4 |     6 ||    10
         Potion            |       |     1 ||     1
 Armour: Robe              |    14 |       ||    14
         Ring mail         |     6 |    42 ||    48
  Dodge: Dodged            |    48 |    48 ||    96

Table legend:
 A = Non-vault XP
 B = Vault XP
 C = Vault XP percentage of total XP
 D = Non-vault monster count
 E = Vault monster count
 F = Vault count percentage of total count
                 A         B        C        D         E       F
            +---------+---------+-------+---------+---------+-------
      Total |     260 |      30 |  10.3 |      61 |      17 |  21.8
            +---------+---------+-------+---------+---------+-------
        D:1 |      43 |       3 |   6.5 |      25 |       2 |   7.4
        D:2 |      58 |       4 |   6.5 |      18 |       4 |  18.2
        D:3 |     107 |      12 |  10.1 |      11 |       6 |  35.3
        D:4 |      52 |      11 |  17.5 |       7 |       5 |  41.7
            +---------+---------+-------+---------+---------+-------
